Map: Todesaura LE

Players

K.I.-1 (Extrem)

  • Race: Zerg Zerg
  • Spawn Location: 5:00

CptObvious - Winner!

  • Race: Protoss Protoss
  • League: Silver
  • Spawn Location: 11:00

VOD

Have the link to the VOD?

Description

Time

  • Played on: Oct. 1, 2020, 7:36 p.m.
  • Length: 5:42
Show
View Real Time Build Order
Export as new Build Order

K.I.-1 (Extrem) Zerg 

Build Orders: Pool First 

Get SALT Encoding   

  12  0:00  Drone  
  13  0:12  Overlord  
  13  0:16  Drone  
  14  0:30  Drone x2  
  16  0:43  Spawning Pool  
  16  0:44  Drone  
  16  0:48  Drone  
  17  1:09  Hatchery  
  16  1:12  Drone  
  16  1:16  Extractor  
  16  1:18  Drone  
  16  1:22  Drone  
  18  1:28  Drone  
  19  1:38  Overlord  
  19  1:49  Drone, Queen  
  22  2:00  Zergling x2  
  23  2:05  Extractor  
  22  2:10  Drone  
  23  2:21  Drone x2  
  25  2:25  Queen  
  27  2:32  Drone x2  
  29  2:40  Roach Warren  
  29  2:43  Drone  
  29  2:46  Drone  
  30  2:53  Zergling x4  
  32  2:59  Overlord  
  32  3:03  Drone  
  32  3:05  Drone  
  34  3:20  Roach  
  34  3:21  Roach x2  
  34  3:22  Roach  
  42  3:30  Lair  
  42  3:35  Overlord  
  42  3:40  Overlord  
  42  3:42  Zergling x2  
  42  3:45  Zergling x2  
  44  3:53  Zergling x2, Drone x2  
  44  3:55  Drone  
  48  3:58  Drone  
  48  4:00  Drone  
  50  4:05  Overlord  
  50  4:09  Roach  
  52  4:13  Roach  
  52  4:16  Roach  
  56  4:19  Roach  
  56  4:22  Overlord  
  58  4:29  Drone  
  59  4:31  Drone  
  59  4:32  Hydralisk Den  
  59  4:33  Drone  
  59  4:37  Roach  
  62  4:39  Roach  
  62  4:43  Overlord  
  64  4:54  Zergling x2  
  64  4:59  Queen  
  61  5:01  Hydralisk x2  
  46  5:16  Drone  
  34  5:23  Zergling x2  
Show
View Real Time Build Order
Export as new Build Order

CptObvious Protoss - Winner!

Build Orders: Dark Templar Rush 

Get SALT Encoding   

  12  0:01  Probe  
  13  0:13  Probe  
  14  0:18  Pylon  
  14  0:25  Probe  
  15  0:37  Probe (Chrono Boost)  
  15  0:38  Gateway  
  16  0:48  Probe (Chrono Boost), Assimilator  
  17  0:53  Probe (Chrono Boost)  
  17  0:56  Assimilator  
  18  1:03  Probe  
  19  1:15  Probe  
  20  1:25  Cybernetics Core  
  20  1:29  Probe  
  20  1:32  Pylon  
  21  1:36  Zealot  
  23  1:49  Pylon  
  23  1:50  Probe  
  24  2:02  Probe, Warp Gate (Chrono Boost)  
  24  2:03  Twilight Council  
  25  2:12  Zealot  
  25  2:15  Probe  
  28  2:25  Gateway  
  28  2:40  Dark Shrine  
  28  2:44  Gateway  
  28  2:49  Zealot  
  28  2:50  Charge (Chrono Boost)  
  30  3:19  Pylon  
  29  3:43  Zealot  
  29  3:44  Zealot x2  
  35  4:03  Pylon  
  35  4:08  Dark Templar  
  35  4:09  Dark Templar x2  
  41  4:21  Pylon  
  41  4:35  Dark Templar  
  43  4:41  Zealot  
  43  4:42  Zealot  
  47  4:59  Nexus  
  45  5:02  Zealot  
  45  5:03  Zealot  
  45  5:04  Zealot  
Tags
 
League
Silver
Matchup
PvZ
Opening
Pool First
Spawn Locations
Cross Positions
Add a new tag
Caveats
  • Supply blocks, unpowered buildings, or Contaminate may cause inaccurate times.
  • Supply counts are checked every 10 seconds.